 Dungeon Crawl Stone Soup version 0.15.0-29-ga8e3430 (webtiles) character file.

195 MDvedh the Poker (level 5, 0/38 HPs)
             Began as a Merfolk Death Knight on Sept 12, 2014.
             Was a Believer of Yredelemnul.
             Succumbed to poison (a potion of poison)
             ... on Level 3 of the Dungeon.
             The game lasted 00:06:42 (3466 turns).

MDvedh the Poker (Merfolk Death Knight)             Turns: 3466, Time: 00:06:42

HP   0/38        AC  5     Str 13      XL: 5   Next: 74%
MP   8/8         EV 13     Int 11      God: Yredelemnul [**....]
Gold 130         SH  0     Dex 14      Spells:  0 memorised,  4 levels left

rFire  . . .     SeeInvis .     a - +1 spear
rCold  . . .     Clarity  .     b - +0 leather armour
rNeg   . . .     rCorr    .     (no shield)
rPois  .         rRot     .     m - +0 helmet
rElec  .         Spirit   .     l - +0 cloak
SustAb .         Warding  .     (no gloves)
rMut   .         Stasis   .     (no boots)
Gourm  .                        (no amulet)
MR     .....                    (no ring)
                                (no ring)

@: lethally poisoned, not resistant to hostile enchantments, very unstealthy
A: change form in water, swift swim
a: Animate Remains, Recall Undead Slaves, Injury Mirror, Renounce Religion


You were on level 3 of the Dungeon.
You worshipped Yredelemnul.
Yredelemnul was pleased with you.
You were not hungry.

You visited 1 branch of the dungeon, and saw 3 of its levels.

You collected 130 gold pieces.

Inventory:

Hand weapons
 a - a +1 spear (weapon)
 e - a +0 halberd of venom
Armour
 b - a +0 leather armour (worn)
 l - a +0 cloak (worn)
 m - a +0 helmet (worn)
Comestibles
 f - a bread ration
 h - a slice of pizza
 i - 4 beef jerkies
 q - a meat ration
Scrolls
 c - 4 scrolls of remove curse {unknown}
 d - 3 scrolls of identify {unknown}
 g - a scroll of teleportation {unknown}
 j - a scroll of fog {unknown}
 k - a scroll of amnesia {unknown}
 p - a scroll of magic mapping {unknown}
 s - a scroll of noise {unknown}
Jewellery
 n - an uncursed ring of stealth {unknown}
 o - a cursed ring of loudness {unknown}


   Skills:
 - Level 2.1 Fighting
 * Level 7.0 Polearms
 - Level 0.6 Armour
 + Level 4.2 Dodging
 - Level 3.0 Invocations


You had 4 spell levels left.
You didn't know any spells.

Dungeon Overview and Level Annotations

Branches:
Dungeon (3/15)

Altars:
Kikubaaqudgha
Okawaru
Vehumet
Yredelemnul


Message History

The orc wizard is lightly wounded.
You aren't carrying any potions.
Unknown command.
Unknown command.
Unknown command.
You hit the orc.
The orc is heavily wounded.
* * * LOW HITPOINT WARNING * * *
You feel sick.
Unknown command.
You closely miss the orc.
The orc is heavily wounded.
* * * LOW HITPOINT WARNING * * *
You feel sick.
Unknown command.
You hit the orc.
You kill the orc!
Yredelemnul accepts your kill.
You die...
Your body rises from the dead as a mindless zombie.

##.## #...> #.# #.# ##
##'## # ( ##...## ## #.
##[....## #. ##.#
##.......## ##
.####..o####.........####.
.......o%@.'.........'....
.####...####.........####.
......# ##.......######
...... ##.....## #...
#.... ##...## #.## ....
##'## #.# .. #.# #.# . #.#
#.## ##.## #...


You could see an orc wizard and an orc.

Vanquished Creatures
  2 orc priests
  Jessica (D:2)
  3 gnolls (D:2)
  An adder (D:3)
  A worm (D:3)
  2 giant geckos (D:1)
  An ooze (D:3)
  4 orcs
  2 ball pythons (D:1)
  2 giant cockroaches (D:2)
  6 hobgoblins
  9 kobolds
  2 quokkas (D:2)
  5 bats
  4 giant newts
  6 goblins
  11 jackals
  6 rats
68 creatures vanquished.

Notes
Turn   | Place    | Note
--------------------------------------------------------------
     0 | D:1      | MDvedh, the Merfolk Death Knight, began the quest for the Orb.
     0 | D:1      | Reached XP level 1. HP: 16/16 MP: 2/2
   105 | D:1      | Reached skill level 4 in Polearms
   105 | D:1      | Reached XP level 2. HP: 6/22 MP: 3/3
   960 | D:1      | Reached XP level 3. HP: 23/27 MP: 5/5
  1252 | D:2      | Acquired Yredelemnul's second power
  1392 | D:2      | Found an ancient bone altar of Kikubaaqudgha.
  1392 | D:2      | Found an iron altar of Okawaru.
  1392 | D:2      | Found a radiant altar of Vehumet.
  1400 | D:2      | Noticed Jessica
  1416 | D:2      | Killed Jessica
  1416 | D:2      | Reached skill level 5 in Polearms
  1747 | D:2      | Reached XP level 4. HP: 33/33 MP: 6/6
  2222 | D:2      | Found a basalt altar of Yredelemnul.
  2339 | D:3      | Reached skill level 6 in Polearms
  2661 | D:2      | Reached XP level 5. HP: 31/38 MP: 8/8
  3322 | D:3      | Reached skill level 7 in Polearms
  3465 | D:3      | HP: 1/38 [poison (a potion of poison)]
  3466 | D:3      | Succumbed to poison (a potion of poison)

Action                   |  1- 3 |  4- 6 || total
-------------------------+-------+-------++-------
Melee: Spear             |   107 |   136 ||   243
       Halberd           |       |    21 ||    21
  Use: Potion            |       |     7 ||     7
 Stab: Sleeping          |     2 |     1 ||     3
  Eat: Bread ration      |     1 |       ||     1
       Chunk             |       |     4 ||     4
